 Dungeon Crawl Stone Soup version 0.15-a0-1345-gc375f20 (webtiles) character file.

931 Charly the Changer (level 8, -4/54 HPs)
             Began as a Merfolk Transmuter on June 8, 2014.
             Killed by miscasting Ice Form (9 damage)
             ... on Level 6 of the Dungeon.
             The game lasted 01:06:26 (6543 turns).

Charly the Changer (Merfolk Transmuter)             Turns: 6543, Time: 01:06:26

HP  -4/54        AC  7     Str 10      XL: 8   Next: 11%
MP   4/20        EV 11     Int 13      God:
Gold 187         SH  0     Dex 14      Spells:  5 memorised,  2 levels left

rFire  . . .     SeeInvis .       - Unarmed
rCold  . . .     Clarity  .     A - +2 leather armour
rNeg   . . .     rCorr    .     (shield currently unavailable)
rPois  .         rRot     .     (no helmet)
rElec  .         Spirit   .     C - +0 cloak
SustAb .         Warding  .     (gloves currently unavailable)
rMut   .         Stasis   .     B - +0 pair of boots
Gourm  .                        (no amulet)
MR     .....                    (no ring)
                                i - ring of teleport control

@: lethally poisoned, blade hands (expiring), very slightly contaminated, not
resistant to hostile enchantments, very unstealthy
A: change form in water, swift swim, fangs 1, dopey 1, screaming 1, forlorn
a: End Transformation, Evoke Teleport Control


You were on level 6 of the Dungeon.
You were hungry.
Your hands were blades.
You visited 1 branch of the dungeon, and saw 6 of its levels.

You collected 187 gold pieces.

Inventory:

Missiles
 a - 51 arrows
 c - 135 stones (quivered)
 o - 18 poisoned needles
 r - 10 arrows of dispersal
Armour
 A - a +2 leather armour (worn)
 B - a +0 pair of boots (worn)
 C - a +0 cloak (worn)
Comestibles
 b - 2 bread rations
 g - 2 meat rations
 h - 10 fruits
 j - a slice of pizza
Scrolls
 l - 2 scrolls of magic mapping
 n - 3 scrolls of blinking
 p - a scroll of amnesia
Jewellery
 i - a ring of teleport control (left scythe-like blade)
Potions
 f - 3 potions of brilliance
 k - a potion of might
Books
 d - a book of Changes

   Spells                             Type                      Level
   *Beastly Appendage                 Transmutation                1
   *Sticks to Snakes                  Transmutation                2
   *Spider Form                       Transmutation/Poison         3
   *Ice Form                          Ice/Transmutation            4
   *Blade Hands                       Transmutation                5


   Skills:
 - Level 1.1 Fighting
 - Level 2.6 Dodging
 + Level 5.7 Unarmed Combat
 + Level 5.4 Spellcasting
 + Level 6.9 Transmutations
 * Level 2.3 Poison Magic


You had 2 spell levels left.
You knew the following spells:

 Your Spells              Type           Power        Failure   Level  Hunger
b - Blade Hands           Trmt           ###.......   77%         5    #####..
h - Beastly Appendage     Trmt           ###...       17%         1    None
i - Ice Form              Ice/Trmt       ##........   87%         4    ####...
s - Sticks to Snakes      Trmt           ###.......   17%         2    ##.....
S - Spider Form           Trmt/Pois      ###.......   45%         3    ###....


Dungeon Overview and Level Annotations

Branches:
Dungeon (6/15)             Temple (0/1) D:5

Altars:


Innate Abilities, Weirdness & Mutations

You revert to your normal form in water.*
You are very nimble and swift while swimming.*
You have very sharp teeth.*
You are dopey. (Int -2)
You occasionally shout uncontrollably at your foes.
You have difficulty communicating with the divine.


Message History

Okay, then.
* * * LOW HITPOINT WARNING * * *
You feel sick.
Casting: Blade Hands
Confirm with . or Enter, or press ? or * to list all spells.
You miscast Ice Form.
You are very lightly contaminated with residual magic.
You experience a momentary feeling of inescapable doom!
You are feeling hungry.
* * * LOW HITPOINT WARNING * * *
You feel sick.
Casting: Ice Form
Confirm with . or Enter, or press ? or * to list all spells.
You miscast Ice Form.
Your skin tingles.
Casting: Ice Form
Confirm with . or Enter, or press ? or * to list all spells.
You miscast Ice Form.
You feel the urge to shout.
Your body is distorted in a weirdly horrible way!
You die...

..###.#.# #.#.....
#.#.#.###.##
####..........#
#....#.#.###..#
#%...#.....#
#....###.#.#
#......#.#... #
###@.###.###..#
##..>..........#
##.........###..#
#.##.....#.....# #
#...<..###........#
###...## ####...###
......# ......
#......# ...###.
.....#.## ...#


There were no monsters in sight!

Vanquished Creatures
  A water moccasin (D:6)
  A sky beast (D:6)
  The ghost of Quh the Shooter, an average DsHu (D:3)
  2 centaurs (D:5)
  A scorpion (D:5)
  A crimson imp (D:5)
  A jelly (D:5)
  2 orc wizards (D:4)
  An orc priest (D:3)
  3 iguanas
  Natasha (D:6)
  A worker ant (D:5)
  Ijyb (D:3)
  A worker ant zombie (D:6)
  5 adders
  2 giant mites
  2 worms
  3 giant geckos
  3 oozes
  11 orcs
  2 ball pythons
  9 goblins
  14 hobgoblins
  12 jackals
  2 quokkas
  8 bats
  3 giant cockroaches
  4 giant newts
  A goblin skeleton (D:4)
  A hobgoblin skeleton (D:4)
  17 kobolds
  11 rats
  A rat zombie (D:5)
129 creatures vanquished.

Vanquished Creatures (collateral kills)
  A jelly (D:5)
  A worker ant (D:5)
  2 orcs (D:4)
  A goblin (D:5)
  A rat (D:4)
6 creatures vanquished.

Grand Total: 135 creatures vanquished

Notes
Turn   | Place    | Note
--------------------------------------------------------------
     0 | D:1      | Charly, the Merfolk Transmuter, began the quest for the Orb.
     0 | D:1      | Reached XP level 1. HP: 15/15 MP: 3/3
   311 | D:1      | Reached XP level 2. HP: 11/21 MP: 3/5
   532 | D:1      | Learned a level 2 spell: Sticks to Snakes
   806 | D:1      | Reached XP level 3. HP: 23/26 MP: 4/6
   975 | D:1      | Learned a level 3 spell: Spider Form
  1477 | D:3      | Noticed Ijyb
  1501 | D:3      | Killed Ijyb
  1664 | D:2      | Reached XP level 4. HP: 25/32 MP: 9/9
  1783 | D:2      | Reached skill level 4 in Unarmed Combat
  2678 | D:3      | Reached skill level 1 in Poison Magic
  2834 | D:3      | Reached XP level 5. HP: 11/37 MP: 7/11
  3507 | D:3      | Noticed Quh's ghost (average DsHu)
  3529 | D:3      | Killed Quh's ghost
  3529 | D:3      | Reached XP level 6. HP: 26/43 MP: 4/13
  4238 | D:4      | Reached skill level 5 in Unarmed Combat
  4238 | D:4      | Reached skill level 5 in Transmutations
  4551 | D:5      | Entered Level 5 of the Dungeon
  5274 | D:5      | Reached XP level 7. HP: 30/48 MP: 13/17
  5686 | D:5      | Reached skill level 5 in Spellcasting
  5686 | D:5      | Reached skill level 6 in Transmutations
  5843 | D:5      | HP: 2/48 [poisoned by a worker ant]
  5849 | D:5      | Found a staircase to the Ecumenical Temple.
  6502 | D:5      | Learned a level 5 spell: Blade Hands
  6510 | D:6      | Learned a level 4 spell: Ice Form
  6524 | D:6      | Noticed Natasha
  6528 | D:6      | Reached XP level 8. HP: 27/54 MP: 14/20
  6531 | D:6      | Killed Natasha
  6539 | D:6      | Gained mutation: You are dopey. (Int -2) [potion of mutation]
  6539 | D:6      | Gained mutation: You have very sharp teeth. [potion of mutation]
  6539 | D:6      | Gained mutation: You have difficulty communicating with the divine. [potion of mutation]
  6543 | D:6      | Gained mutation: You occasionally shout uncontrollably at your foes. [miscasting Ice Form]
  6543 | D:6      | Killed by miscasting Ice Form

Action                   |  1- 3 |  4- 6 |  7- 9 || total
-------------------------+-------+-------+-------++-------
Melee: Unarmed           |    97 |   185 |   105 ||   387
Throw: Stone             |    39 |   132 |    17 ||   188
 Cast: Beastly Appendage |    17 |    16 |     3 ||    36
       Sticks to Snakes  |     5 |    16 |    23 ||    44
       Spider Form       |       |    11 |     7 ||    18
       Blade Hands       |       |       |     1 ||     1
  Use: Scroll            |     5 |     7 |     1 ||    13
       Potion            |       |     1 |     2 ||     3
 Stab: Sleeping          |     1 |       |       ||     1
       Distracted        |       |     2 |       ||     2
